 Dungeon Crawl Stone Soup version 0.27-a0-1334-g2746e35aca (webtiles) character file.

Game seed: 4425483019148024606

1852 avis the Insei (level 8, -2/66 HPs)
             Began as a Demigod Transmuter on June 26, 2021.
             Slain by a troll (7 damage)
             ... on level 6 of the Dungeon on June 27, 2021.
             The game lasted 00:48:01 (8340 turns).

avis the Insei (Demigod Transmuter)                 Turns: 8340, Time: 00:48:04

Health: -2/66      AC:  2    Str: 11    XL:     8   Next: 58%
Magic:  13/15      EV: 25    Int: 15    God:
Gold:   310        SH:  0    Dex: 27    Spells: 5/13 levels left

rFire    . . .     SeeInvis .     - Unarmed
rCold    . . .     Faith    .   (shield currently unavailable)
rNeg     . . .     Spirit   .   (armour currently unavailable)
rPois    x         Reflect  .   (helmet currently unavailable)
rElec    .         Harm     .   (cloak currently unavailable)
rCorr    .         Rampage  .   (gloves currently unavailable)
Will     .....                  (boots currently unavailable)
Stlth    ++........             (no amulet)
HPRegen  0.21/turn              (no ring)
MPRegen  0.14/turn              (no ring)

@: spider-form
A: venomous fangs, tiny, high mp 1, forlorn
a: End Transformation


You were on level 6 of the Dungeon.
You were a venomous arachnid creature.
You visited 1 branch of the dungeon, and saw 6 of its levels.
You also visited: Sewer.

You collected 310 gold pieces.

Inventory:

Hand Weapons
 j - a +2 trident of pain
 F - a +0 triple crossbow
Missiles
 c - 148 arrows
 e - 29 poisoned darts
 l - 192 stones
 y - 62 sling bullets
 A - 9 boomerangs
 C - 2 javelins
Armour
 a - a +0 robe
 d - a +2 hat (melded)
 m - a +0 chain mail
 r - a scarf of repulsion (melded)
 s - a +1 robe of cold resistance (melded)
Wands
 p - a wand of acid (9)
 v - a wand of iceblast (6)
 x - a wand of mindburst (15)
Scrolls
 f - a scroll of brand weapon {unknown}
 k - 10 scrolls of identify {unknown}
 n - a scroll of torment {unknown}
 q - a scroll of enchant armour {unknown}
 t - a scroll of silence {unknown}
 w - a scroll of blinking {unknown}
 z - 2 scrolls of immolation {unknown}
 E - a scroll of fear {unknown}
Potions
 b - a potion of brilliance {unknown}
 g - a potion of curing {unknown}
 h - 2 potions of flight {unknown}
 i - 2 potions of might {unknown}
 o - 3 potions of heal wounds
 u - 2 potions of lignification {unknown}
 B - a potion of mutation {unknown}
 D - 2 potions of ambrosia {unknown}


   Skills:
 - Level 4.0 Fighting
 - Level 5.0 Dodging
 - Level 7.0 Unarmed Combat
 - Level 3.0 Spellcasting
 * Level 4.4 Transmutations
 - Level 2.0 Ice Magic
 - Level 1.0 Poison Magic


You had 5 spell levels left.
You knew the following spells:

 Your Spells              Type           Power      Damage    Failure   Level
a - Beastly Appendage     Tmut           30%        N/A       11%         1
p - Spider Form           Tmut/Pois      5%         N/A       41%         3
q - Ice Form              Ice/Tmut       11%        N/A       69%         4

Your spell library contained the following spells:

 Spells                   Type           Power      Damage    Failure   Level
 Wereblood                Tmut           15%        N/A       14%         2


Dungeon Overview and Level Annotations

Branches:
Dungeon (6/15)              Sewer (visited)
 Temple: D:4-7

Annotations:
D:2 glass showcase
D:4 1 runed translucent door, Exaltedone87's ghost, amateur DsGl


Innate Abilities, Weirdness & Mutations

You are a venomous arachnid creature.
You have poisonous fangs.
You are tiny and dextrous.
Your spellcasting is less reliable in this form.
Your armour is entirely melded.
You are incapable of wielding weapons or throwing items.
Your attributes grow dramatically as you level up.
You have an increased reservoir of magic. (+10% MP)
You shall have no god before yourself.


Message History

You now have 310 gold pieces (gained 10).
The troll shouts!
You hear an angry hiss.
You see here a wand of flame (3).
You see here a cyan potion.
Casting: Spider Form (dangerous; 21% risk of failure)
Confirm with . or Enter, or press ? or * to list all spells.
You turn into a venomous arachnid creature.
Your scarf of repulsion melds into your body.
Your +2 hat melds into your body.
Your +1 robe of cold resistance melds into your body.
The haze of the repulsion field disappears.
You feel less resistant to cold.
You hit the troll.
The troll is lightly wounded.
The troll bites you! The troll completely misses you. x2
You bite the troll!
The troll is poisoned.
The troll is moderately wounded.
The troll bites you. The troll claws you but does no damage.
The troll completely misses you.
You barely miss the troll.
The troll is moderately wounded.
You hit the troll.
The troll looks as sick as possible!
The troll is moderately wounded.
The troll barely misses you. The troll completely misses you.
The troll closely misses you.
You barely miss the troll.
The troll is moderately wounded.
The troll barely misses you. The troll completely misses you.
The troll misses you.
You hit the troll.
The troll looks as sick as possible!
The troll is heavily wounded.
The troll misses you. The troll closely misses you. The troll claws you!
You bite the troll!
The troll looks as sick as possible!
The troll is severely wounded.
The troll bites you!!
* * * LOW HITPOINT WARNING * * *
The troll claws you!
* * * LOW HITPOINT WARNING * * *
The troll claws you!
You die...

#...#..............#
#...#..............# #..#
........<....# ##..#
............#####
#...###+#...............
+.......+....###.###.....
##......#....#.รท...#.....
#...><.#....#.T...#.....
#......#......s$/.......
#..##.......#..!..#.....
#..##.......#.....#.....
+.....###.#####.### #[##
#.....#..... ...# ..
#..##.#.....#.....#
#..##..........#.... ..
..#.....#.. ..#. .##. .##


You could see a troll (extremely poisoned).

Vanquished Creatures
  A hornet (D:6)
  A hornet zombie (D:5)
  A black bear (D:4)
  An orc warrior (D:5)
  A necrophage (D:5)
  An ogre (D:5)
  2 phantoms
  2 bullfrogs (Sewer)
  2 scorpions (D:5)
  A water moccasin skeleton (D:4)
  2 hounds
  2 centaur zombies
  An iron imp (D:3)
  A centaur skeleton (D:5)
  2 orc priests
  Jessica (D:3)
  2 iguanas
  Natasha (thrice) (D:3)
  4 orc wizards
  4 gnolls (D:5)
  8 adders
  An ufetubus (D:4)
  2 dart slugs (D:4)
  13 orcs
  5 bats
  13 endoplasms
  25 giant cockroaches
  5 goblins
  3 hobgoblins
  2 jackals (D:4)
  14 quokkas
  16 ball pythons
  19 frilled lizards
  3 kobolds
  4 rats
168 creatures vanquished.

Vanquished Creatures (others)
  19 fungi (D:5)
19 creatures vanquished.

Grand Total: 187 creatures vanquished

Notes
Turn   | Place    | Note
-------+----------+-------------------------------------------
     0 | D:1      | avis the Demigod Transmuter began the quest for the Orb.
     0 | D:1      | Reached XP level 1. HP: 15/15 MP: 5/5
   268 | D:1      | Reached skill level 3 in Unarmed Combat
   662 | D:1      | Reached XP level 2. HP: 22/22 MP: 5/7
  1699 | D:2      | HP: 1/22 [something/magic dart (3)]
  1995 | D:2      | Reached skill level 4 in Unarmed Combat
  1995 | D:2      | Reached skill level 1 in Poison Magic
  1995 | D:2      | Reached XP level 3. HP: 27/27 MP: 6/8
  1998 | D:2      | Reached skill level 1 in Fighting
  2004 | D:2      | Learned a level 3 spell: Spider Form
  2295 | D:2      | Reached XP level 4. HP: 35/35 MP: 7/9
  3522 | D:3      | Noticed Jessica
  3620 | D:3      | Killed Jessica
  3687 | D:3      | Reached skill level 5 in Unarmed Combat
  3687 | D:3      | Reached XP level 5. HP: 40/41 MP: 8/10
  3719 | D:3      | Noticed Natasha
  3723 | D:3      | Killed Natasha
  4031 | D:3      | Noticed Natasha
  4096 | D:3      | Killed Natasha
  4193 | D:3      | Noticed Natasha
  4203 | D:3      | Killed Natasha
  4308 | D:4      | Found a glowing drain.
  4329 | Sewer    | Entered a sewer
  4613 | Sewer    | Reached XP level 6. HP: 51/51 MP: 9/11
  5018 | Sewer    | Reached skill level 6 in Unarmed Combat
  5818 | D:4      | Noticed Exaltedone87's ghost (amateur DsGl)
  5821 | D:4      | Found a runed translucent door.
  5905 | D:4      | Reached XP level 7. HP: 51/57 MP: 12/12
  6008 | D:4      | Reached skill level 7 in Unarmed Combat
  6286 | D:5      | Entered Level 5 of the Dungeon
  6951 | D:5      | Reached skill level 5 in Dodging
  7071 | D:5      | Learned a level 4 spell: Ice Form
  7085 | D:5      | Reached XP level 8. HP: 50/66 MP: 10/13
  8090 | D:6      | Noticed a troll
  8270 | D:6      | Noticed a hornet
  8277 | D:6      | Killed a hornet
  8340 | D:6      | Slain by a troll

Illustrated notes

Levels and vault maps discovered:
D:1:      dpeg_arrival_simpleton_c, layout_loops_corners, chequers_avenue,
          minmay_quantized
D:2:      layout_loops_ring, hellmonk_ecumenical_altar_lost_god, basic_altar,
          serial_glass, glass_columns_c, glass_columns_a, glass_columns_a,
          feat_on_display, item_on_display_a, due_unseen_surprise
D:3:      layout_loops_ring, slow_altar_1, uniq_jessica, uniq_natasha
D:4:      layout_basic, hellmonk_ghost_happy_afterlife, gup_sewer_entry_pipe
D:5:      layout_basic, serial_aquarium, aquarium_bridge_long_separate
          [aquarium_subvault_window, aquarium_subvault_wall,
          aquarium_subvault_bridge, aquarium_subvault_window,
          aquarium_subvault_bridge, aquarium_subvault_bridge],
          aquarium_bridge_square [aquarium_subvault_bridge,
          aquarium_subvault_window, aquarium_subvault_wall,
          aquarium_subvault_wall], aquarium_window_corner, aquarium_window_fake,
          aquarium_window_double, aquarium_window_3, aquarium_view_2d,
          aquarium_view_2e, guppyfry_early_orc_mine
D:6:      layout_gridville, marbit_many_paths, dk_noncrumbling_2,
          minmay_chambers_of_fives, uniq_prince_ribbit1

Skill      XL: |  1  2  3  4  5  6  7  8 |
---------------+-------------------------+-----
Unarmed Combat | 3 4 5 6 7 |  7.0
Transmutations | 2 4 |  4.4
Poison Magic   | 1 |  1.0
Fighting       | 1 2 3 4 |  4.0
Dodging        | 5 |  5.0
Spellcasting   | 3 |  3.0
Ice Magic      | 2 |  2.0

Action                   |  1- 3 |  4- 6 |  7- 9 || total
-------------------------+-------+-------+-------++-------
Melee: Unarmed           |    58 |   291 |   136 ||   485
       Kick              |    15 |    55 |    21 ||    91
       Headbutt          |     9 |    38 |    14 ||    61
       Punch             |     1 |     2 |     3 ||     6
 Cast: Beastly Appendage |    22 |    60 |    12 ||    94
       Spider Form       |       |     7 |    18 ||    25
 Stab: Sleeping          |     1 |     2 |     2 ||     5
Armor: Robe              |     9 |    55 |     6 ||    70
       Skin              |       |     2 |     2 ||     4
Dodge: Dodged            |    26 |   165 |    93 ||   284
       Repelled          |       |     1 |       ||     1

Table legend: (Time is in decaauts)
 A = Elapsed time spent in this place.
 B = Non-inter-level travel time spent in this place.
 C = Inter-level travel time spent in this place.
 D = Time resting spent in this place.
 E = Time spent auto-exploring this place.
 F = Levels seen in this place.
 G = Mean time per level.
                   A        B        C        D        E       F      G
               +--------+--------+--------+--------+--------+-----+--------+
         Total |   8389 |   7987 |    402 |   3005 |   3229 |   7 | 1198.4 |
       Dungeon |   7441 |   7039 |    402 |   2641 |   3139 |   6 | 1240.2 |
         Sewer |    947 |    947 |      0 |    364 |     90 |   1 |  947.0 |
               +--------+--------+--------+--------+--------+-----+--------+

Top non-repeatable levels by time:
     D:1: 2271 daAuts
     D:5: 1817 daAuts
     D:3: 1544 daAuts
   Sewer: 947 daAuts
     D:4: 895 daAuts
     D:2: 771 daAuts
     D:6: 142 daAuts
